 Dungeon Crawl Stone Soup version 0.29-a0-529-gfa20dd96a1 (webtiles) character file.

Game seed: 6072805812104399811

51 happo123 the Sneak (level 4, -1/25 HPs)
             Began as a Kobold Enchanter on June 2, 2022.
             Killed by divine providence
             ... invoked by an orc priest
              (10 damage)
             ... on level 2 of the Dungeon.
             The game lasted 00:04:40 (1649 turns).

happo123 the Sneak (Kobold Enchanter)               Turns: 1649, Time: 00:04:42

Health: -1/25      AC:  4    Str:  5    XL:     4   Next: 7%
Magic:  4/7        EV: 14    Int: 25    God:
Gold:   77         SH:  0    Dex: 10    Spells: 3/8 levels left

rFire   + + .      SeeInvis .   n - +4 short sword "Zeothuh" {flame, rF+ rCorr Int+7 Dex-5}
rCold   x . .      Faith    .   (no shield)
rNeg    . . .      Spirit   .   b - +0 robe
rPois   .          Reflect  .   (no helmet)
rElec   .          Harm     .   (no cloak)
rCorr   +          Rampage  .   h - +0 pair of gloves
Will    .....                   j - +0 pair of boots
Stlth   +++.......              (no amulet)
HPRegen 0.08/turn               l - ring of fire
MPRegen 0.10/turn               (no ring)

@: no status effects
A: small, no large weapons, nightstalker 3
a: no special abilities


You were on level 2 of the Dungeon.
You visited 1 branch of the dungeon, and saw 2 of its levels.

You collected 77 gold pieces.

Inventory:

Hand Weapons
 a - a +1 dagger
 n - the +4 short sword "Zeothuh" (weapon) {flame, rF+ rCorr Int+7 Dex-5}
   (You found it on level 2 of the Dungeon)

   It burns those it strikes, dealing additional fire damage.
   Int:       It affects your intelligence (+7).
   Dex:       It affects your dexterity (-5).
   rF:        It protects you from fire.
   rCorr:     It protects you from acid and corrosion.
Armour
 b - a +0 robe (worn)
 h - a +0 pair of gloves (worn)
 j - a +0 pair of boots (worn)
Jewellery
 l - a ring of fire (left hand)
Scrolls
 e - 2 scrolls of identify {unknown}
 i - a scroll of magic mapping {unknown}
 k - a scroll of poison {unknown}
 o - 2 scrolls of immolation {unknown}
Potions
 c - 2 potions of invisibility
 d - a potion of brilliance {unknown}
 f - a potion of lignification {unknown}
 g - a potion of haste {unknown}
 m - 2 potions of heal wounds {unknown}


   Skills:
 + Level 1.0 Fighting
 + Level 2.0 Short Blades
 + Level 2.8 Dodging
 + Level 4.4 Stealth
 + Level 2.6 Spellcasting
 * Level 3.6 Hexes


You had 3 spell levels left.
You knew the following spells:

 Your Spells              Type           Power      Damage    Failure   Level
a - Ensorcelled Hibernat  Hex/Ice        24%        N/A       8%          2
b - Confusing Touch       Hex            21%        N/A       7%          3

Your spell library contained the following spells:

 Spells                   Type           Power      Damage    Failure   Level
 Tukima's Dance           Hex            21%        N/A       7%          3
 Foxfire                  Conj/Fire      16%        2x1d4     11%         1
 Dazzling Flash           Conj/Hex       24%        N/A       16%         3
 Inner Flame              Hex/Fire       18%        N/A       16%         3
 Conjure Flame            Conj/Fire      4%         6-21      32%         3
 Flame Wave               Conj/Fire      4%         2d5       71%         4


Dungeon Overview and Level Annotations

Branches:
Dungeon (2/15)

Altars:


Innate Abilities, Weirdness & Mutations

You are small and have problems with some larger weapons.
You are completely attuned to the shadows.


Message History

The orc wizard is moderately wounded.
The orc wizard casts a spell at you. The magic dart hits you.
You bump into the rock wall.
The orc wizard barely misses you.
You closely miss the orc wizard.
The orc wizard is moderately wounded.
Your hands stop glowing.
The orc wizard barely misses you.
You bump into the rock wall.
The orc wizard barely misses you.
You bump into the rock wall.
The orc wizard barely misses you.
The orc priest casts a cantrip, but nothing happens.
You bump into the rock wall.
The orc wizard casts a spell at you.
You are more confused.
You barely miss the orc wizard.
The orc wizard is moderately wounded.
The orc wizard hits you with a +0 dagger.
You hit the orc wizard. You burn the orc wizard.
The orc wizard is heavily wounded.
The orc wizard hits you but does no damage.
You bump into the rock wall.
The orc wizard casts a spell at you. The puff of flame misses you.
You bump into the rock wall.
The orc wizard closely misses you.
You bump into the rock wall.
The orc wizard hits you but does no damage.
You're too confused to cast spells.
You bump into the rock wall.
You feel less confused.
The orc wizard hits you but does no damage.
You hit the orc wizard. You burn the orc wizard.
The orc wizard is heavily wounded.
The orc wizard hits you but does no damage.
You hit the orc wizard but do no damage.
The orc wizard is heavily wounded.
The orc wizard gestures at you while chanting.
You resist with some effort.
The orc priest mumbles some strange prayers to Beogh against you.
Beogh smites you!
You die...

#.# #.#
#.# #.#
#.# #.#
#.# #.#
..#@#
######.#o#
.......#o#
≈...≈o.#o#
.......oo#
........)#
.........#
≈...≈..#.#
.......#.#


You could see an orc priest, an orc wizard and 3 orcs.

Vanquished Creatures
  An adder (D:2)
  4 endoplasms (D:1)
  2 giant cockroaches (D:1)
  5 goblins
  4 hobgoblins
  6 jackals (D:1)
  A quokka (D:1)
  3 ball pythons (D:1)
  4 bats
  A frilled lizard (D:1)
  3 kobolds (D:1)
  3 rats (D:1)
37 creatures vanquished.

Notes
Turn   | Place    | Note
-------+----------+-------------------------------------------
     0 | D:1      | happo123 the Kobold Enchanter began the quest for the Orb.
     0 | D:1      | Reached XP level 1. HP: 10/10 MP: 3/3
   169 | D:1      | Reached XP level 2. HP: 16/16 MP: 5/5
   190 | D:1      | Learned a level 2 spell: Ensorcelled Hibernation
   568 | D:1      | Reached XP level 3. HP: 19/20 MP: 1/6
   584 | D:1      | Learned a level 3 spell: Confusing Touch
  1468 | D:2      | Reached skill level 1 in Fighting
  1555 | D:2      | Identified the +4 short sword "Zeothuh" {flame, rF+ rCorr
                  | Int+7 Dex-5}
  1565 | D:2      | Reached XP level 4. HP: 25/25 MP: 7/7
  1649 | D:2      | Killed from afar by an orc priest

Illustrated notes

Levels and vault maps discovered:
D:1:      dpeg_arrival_arbitrary_a, layout_basic, chequers_avenue,
          minmay_close_crescents
D:2:      cheibrodos_pilgrimage, layout_basic, minmay_pentomino_p2, uniq_jessica

Skill      XL: |  1  2  3 |
---------------+----------+-----
Fighting       | 1 |  1.0
Short Blades   | 2 |  2.0
Dodging        | |  2.8
Stealth        | |  4.4
Spellcasting   | |  2.6
Hexes          | |  3.6

Action                   |  1- 3 |  4- 6 || total
-------------------------+-------+-------++-------
Melee: Dagger            |    78 |       ||    78
       Punch             |     2 |       ||     2
       Short sword       |     1 |    12 ||    13
 Cast: Ensorcelled Hiber |    12 |     1 ||    13
       Confusing Touch   |       |     1 ||     1
 Stab: Sleeping          |    21 |     2 ||    23
Armor: Robe              |    15 |     4 ||    19
Dodge: Dodged            |    62 |     9 ||    71

Table legend: (Time is in decaauts)
 A = Elapsed time spent in this place.
 B = Non-inter-level travel time spent in this place.
 C = Inter-level travel time spent in this place.
 D = Time resting spent in this place.
 E = Time spent auto-exploring this place.
 F = Levels seen in this place.
 G = Mean time per level.
                   A        B        C        D        E       F      G
               +--------+--------+--------+--------+--------+-----+--------+
         Total |   1640 |   1547 |     93 |      0 |   1251 |   2 |  820.0 |
       Dungeon |   1640 |   1547 |     93 |      0 |   1251 |   2 |  820.0 |
               +--------+--------+--------+--------+--------+-----+--------+

Top non-repeatable levels by time:
     D:1: 1438 daAuts
     D:2: 201 daAuts
